 Dungeon Crawl Stone Soup version 0.21.1-1-g345015fe64 (webtiles) character file.

69 Peloso the Shield-Bearer (level 4, 0/40 HPs)
             Began as a Minotaur Fighter on June 29, 2018.
             Killed from afar by Sigmund (3 damage)
             ... with a wand of flame (35)
             ... on level 2 of the Dungeon.
             The game lasted 00:03:21 (1258 turns).

Peloso the Shield-Bearer (Minotaur Fighter)         Turns: 1258, Time: 00:03:22

Health: 0/40       AC:  7    Str: 21    XL:     4   Next: 2%
Magic:  3/3        EV:  7    Int:  5    God:
Gold:   56         SH:  9    Dex: 10    Spells: 3/3 levels left

rFire    . . .     SeeInvis .   a - +0 long sword
rCold    . . .     Gourm    .   c - +0 shield
rNeg     . . .     Faith    .   b - +0 scale mail
rPois    .         Spirit   .   (helmet restricted)
rElec    .         Reflect  .   (no cloak)
rCorr    .         Harm     .   (no gloves)
MR       .....                  (no boots)
Stlth    ..........             (no amulet)
HPRegen  0.13/turn              (no ring)
MPRegen  0.08/turn              (no ring)

@: no status effects
A: retaliatory headbutt, horns 2
a: no special abilities


You were on level 2 of the Dungeon.
You were not hungry.

You visited 1 branch of the dungeon, and saw 2 of its levels.

You collected 56 gold pieces.

Inventory:

Hand Weapons
 a - a +0 long sword (weapon)
Armour
 b - a +0 scale mail (worn)
 c - a +0 shield (worn)
Scrolls
 e - a scroll of enchant armour {unknown}
 g - a scroll of magic mapping {unknown}
 h - a scroll of amnesia {unknown}
 i - a scroll of immolation {unknown}
Potions
 d - a potion of might
 j - a potion of flight {unknown}
 k - a potion of magic {unknown}
 l - a potion of haste {unknown}
 m - a potion of lignification {unknown}
Comestibles
 f - 4 rations


   Skills:
 + Level 4.2 Fighting
 + Level 3.3 Long Blades
 + Level 4.2 Armour
 + Level 0.1 Dodging
 + Level 4.4 Shields


You had 3 spell levels left.
You didn't know any spells.

Dungeon Overview and Level Annotations

Branches:
Dungeon (2/15)

Altars:

Annotations:
D:2 Sigmund


Innate Abilities, Weirdness & Mutations

You reflexively headbutt those who attack you in melee.
You have a pair of horns on your head.


Message History

You hear some strange, mumbled words.
A puff of flame appears from out of thin air!
You block the puff of flame.
Your shield and scale mail prevent you from hitting something.
You headbutt something! Something hits you!
Your scale mail prevents you from hitting something.
Something hits you.
You miss something. You closely miss something. Something hits you.
You barely miss something. Something hits you!
* * * LOW HITPOINT WARNING * * *
You miss something. Something hits you but does no damage.
You barely miss something. Your headbutt misses something. Something hits you!
* * * LOW HITPOINT WARNING * * *
Something hits you.
* * * LOW HITPOINT WARNING * * *
You hear a zap.
A puff of flame appears from out of thin air!
The puff of flame hits you!
You die...

####
#.......##.#.#
#.......#..#.#
######.##.##.#
#.##.##.#
#.##.##.####
#.##.##....#
#.##.#####.#
#.#####.#
#.@.....#
#########


There were no monsters in sight!

Vanquished Creatures
  Robin (D:2)
  An adder (D:2)
  A worm (D:2)
  6 bats
  A giant cockroach (D:2)
  11 goblins
  7 hobgoblins
  A jackal (D:1)
  A quokka (D:2)
  A ball python (D:2)
  6 frilled lizards
  2 kobolds
  6 rats
45 creatures vanquished.

Notes
Turn   | Place    | Note
-------+----------+-------------------------------------------
     0 | D:1      | Peloso the Minotaur Fighter began the quest for the Orb.
     0 | D:1      | Reached XP level 1. HP: 19/19 MP: 0/0
   128 | D:1      | Reached XP level 2. HP: 27/27 MP: 1/1
   866 | D:2      | Reached XP level 3. HP: 32/33 MP: 2/2
   884 | D:2      | Noticed Robin
   912 | D:2      | Killed Robin
  1145 | D:2      | Reached XP level 4. HP: 21/40 MP: 3/3
  1241 | D:2      | Noticed Sigmund
  1250 | D:2      | HP: 2/40 [something (1)]
  1258 | D:2      | Killed from afar by Sigmund

Skill      XL: |  1  2  3 |
---------------+----------+-----
Shields        | 4 |  4.4
Fighting       | 4 |  4.2
Long Blades    | 3 |  3.3
Armour         | 4 |  4.2
Dodging        | |  0.1

Action                   |  1- 3 |  4- 6 || total
-------------------------+-------+-------++-------
Melee: Long sword        |    96 |     9 ||   105
       Headbutt          |    18 |     1 ||    19
  Eat: Chunk             |     1 |       ||     1
Armor: Scale mail        |    47 |     2 ||    49
Dodge: Dodged            |    31 |       ||    31
Block: Shield            |    49 |     3 ||    52
       Rpst.: Long sword |     4 |       ||     4
